 Dungeon Crawl Stone Soup version 0.30-a0-310-g7d6cbdfea6 (webtiles) character file.

Game seed: 4452527592926698693

11164 glaedl the Destroyer (level 11, -4/82 HPs)
             Began as an Octopode Conjurer on Oct 24, 2022.
             Was a Believer of Ashenzari.
             Slain by a two-headed ogre
             ... wielding a +0 giant spiked club
              (22 damage)
             ... on level 11 of the Dungeon.
             The game lasted 00:45:14 (13533 turns).

glaedl the Destroyer (Octopode Conjurer)           Turns: 13533, Time: 00:45:15

Health: -4/82      AC:  1    Str:  7    XL:     11   Next: 73%
Magic:  7/22       EV: 17    Int: 24    God:    Ashenzari [**....]
Gold:   446        SH:  0    Dex: 11    Spells: 18/25 levels left

rFire   x . .      SeeInvis +    i - +0 whip of Ashenzari's Malaise {venom, Cun, Melee} (curse)
rCold   + + .      Faith    .    (no shield)
rNeg    . . .      Spirit   .    (helmet restricted)
rPois   .          Reflect  .    g - amulet "Behold Eternity" {Acrobat, Alch, Self} (curse)
rElec   .          Harm     .    n - ring of Ouranomancy {Ice, Alch, Cun} (curse)
rCorr   .          Rampage  .    r - ring "Boredom of Ashenzari" {rC+, Comp, Elem} (curse)
Will    .....                    (no ring)
Stlth   ++++++....               (no ring)
HPRegen 1.13/turn                (no ring)
MPRegen 0.18/turn                (no ring)
                                 (no ring)
                                 (no ring)

@: no status effects
A: almost no armour, amphibious, 8 rings, camouflage 1, gelatinous body 1,
(nimble swimmer 1), tentacles, regeneration 1, robust 1
a: Renounce Religion, Shatter the Chains


You were on level 11 of the Dungeon.
You worshipped Ashenzari.
Ashenzari was pleased with you.
You visited 2 branches of the dungeon, and saw 13 of its levels.

You collected 572 gold pieces.
You spent 126 gold pieces at shops.

Inventory:

Hand Weapons
 i - the cursed +0 whip of Ashenzari's Malaise (weapon) {venom, Cun, Melee}
   (You found it on level 4 of the Dungeon)

   It poisons the flesh of those it strikes.
   It has a curse which improves the following skills: Cunning: Dodging and
   Stealth.
   Melee Combat: Short Blades, Long Blades, Axes, Maces & Flails, Polearms,
   Staves and Unarmed Combat.
Missiles
 s - 17 poisoned darts (quivered)
Jewellery
 g - the cursed amulet "Behold Eternity" (around mantle) {Acrobat, Alch, Self}
   (You found it on level 4 of the Dungeon)

   [amulet of the acrobat]

   It increases your evasion while moving and waiting.
   It has a curse which improves the following skills: Alchemy: Poison Magic and
   Transmutations.
   Introspection: Fighting and Spellcasting.
 n - the cursed ring of Ouranomancy (left tentacle) {Ice, Alch, Cun}
   (You found it on level 1 of the Dungeon)

   [ring of ice]

   It enhances your ice magic.
   rF:        It makes you vulnerable to fire.
   rC:        It protects you from cold.
   It has a curse which improves the following skills: Alchemy: Poison Magic and
   Transmutations.
   Cunning:   Dodging and Stealth.
 r - the cursed ring "Boredom of Ashenzari" (right tentacle) {rC+, Comp, Elem}
   (You found it on level 9 of the Dungeon)

   [ring of protection from cold]

   rC:        It protects you from cold.
   It has a curse which improves the following skills: Companions: Summonings
   and Necromancy.
   Elements:  Fire Magic, Ice Magic, Air Magic and Earth Magic.
 v - an amulet of reflection
Wands
 b - a wand of paralysis (2)
 o - a wand of flame (21)
 t - a wand of iceblast (1)
Scrolls
 d - a scroll of butterflies
 e - 4 scrolls of enchant weapon
 f - 5 scrolls of identify
 j - 2 scrolls of noise
 k - a scroll of enchant armour
 m - 2 scrolls of amnesia
 q - 5 scrolls of teleportation
 w - a scroll of immolation
Potions
 a - 2 potions of magic
 c - a potion of mutation
 h - 3 potions of ambrosia
 l - a potion of cancellation
 p - 5 potions of curing
 u - a potion of heal wounds


   Skills:
 + Level 6.3(7.6) Fighting
 * Level 9.9(11.8) Dodging
 + Level 10.0(11.9) Stealth
 + Level 6.4(7.7) Spellcasting
 * Level 10.6 Conjurations
 - Level 3.2 Hexes
 + Level 1.7(2.6) Fire Magic


You had 18 spell levels left.
You knew the following spells:

 Your Spells              Type           Power      Damage    Failure   Level
a - Magic Dart            Conj           100%       1d8       1%          1
b - Searing Ray           Conj           100%       2d8       1%          2
c - Fulminant Prism       Conj/Hex       21%        3d13      3%          4

Your spell library contained the following spells:

 Spells                   Type           Power      Damage    Failure   Level
 Slow                     Hex            96%        N/A       1%          1
 Momentum Strike          Conj/Tloc      68%        3d9       1%          2
 Dazzling Flash           Conj/Hex       84%        N/A       1%          3
 Stone Arrow              Conj/Erth      70%        3d11      2%          3
 Ensorcelled Hibernation  Hex/Ice        52%        N/A       4%          2
 Sticky Flame             Conj/Fire      41%        2d6       4%          4
 Confusing Touch          Hex            24%        N/A       5%          3
 Iskenderun's Mystic Bla  Conj/Tloc      34%        2d8       8%          4
 Ignite Poison            Fire/Tmut/Pois 14%        N/A       13%         3
 Spider Form              Tmut/Pois      10%        N/A       19%         3
 Vampiric Draining        Necr           9%         2d6       19%         3
 Anguish                  Hex/Necr       8%         N/A       32%         4
 Alistair's Intoxication  Tmut/Pois      6%         N/A       86%         5
 Ignition                 Fire           11%        3d5       100%        8


Dungeon Overview and Level Annotations

Branches:
Dungeon (12/15)            Temple (1/1) D:5            Lair (0/5) D:9
    Orc (0/2) D:11

Altars:
Ashenzari
Cheibriados
Dithmenos
Fedhas
Gozag
Hepliaklqana
Kikubaaqudgha
Makhleb
Nemelex Xobeh
Okawaru
Qazlal
Ru
Sif Muna
Trog
Uskayaw
Vehumet
Wu Jian
Xom
Yredelemnul
Zin
The Shining One

Shops:
D:1 *   D:3 *   D:8 (

Annotations:
D:4 2 transporters, Juicyj's ghost, amateur MiMo
D:9 1 runed translucent door


Innate Abilities, Weirdness & Mutations

You cannot wear most types of armour.
You are amphibious.
You can wear up to eight rings at the same time.
Your skin changes colour to match your surroundings (Stealth+).
Your rubbery body absorbs attacks. (AC +1, EV +1)
((You are camouflaged when in or above water. (Stealth+)))
You have tentacles for arms and can constrict up to eight enemies at once.
Your natural rate of healing is unusually fast.
You are robust. (+10% HP)


Message History

Throw: 23 darts (poison)
Press: ? - help, Q - select action, (/) - cycle Shift-Dir - straight line, f - two-headed ogre
Aim: a two-headed ogre, wielding a +0 giant spiked club and a +0 giant club (severely wounded, 74% to hit)
You throw a poisoned dart.
The poisoned dart hits the two-headed ogre.
The two-headed ogre is severely wounded.
You throw a poisoned dart.
The poisoned dart hits the two-headed ogre.
The two-headed ogre is poisoned.
The two-headed ogre is severely wounded.
You throw a poisoned dart.
The poisoned dart hits the two-headed ogre.
The two-headed ogre looks even sicker.
The two-headed ogre is severely wounded.
An orc warrior comes into view. It is wielding a +0 mace.
You throw a poisoned dart.
The poisoned dart hits the two-headed ogre.
The two-headed ogre is severely wounded.
You throw a poisoned dart.
The poisoned dart hits the two-headed ogre.
The two-headed ogre looks even sicker.
The two-headed ogre is severely wounded.
The two-headed ogre hits you with a +0 giant spiked club!
The two-headed ogre completely misses you.
The two-headed ogre attacks as you move away!
The two-headed ogre completely misses you. x2
You throw a poisoned dart.
The poisoned dart hits the two-headed ogre.
The two-headed ogre looks as sick as possible!
The two-headed ogre is severely wounded.
An orc warrior comes into view. It is wielding a +0 hand axe.
The two-headed ogre attacks as you move away!
The two-headed ogre closely misses you.
The two-headed ogre hits you with a +0 giant club!!
You hit the two-headed ogre.
The two-headed ogre is almost dead.
The two-headed ogre hits you with a +0 giant spiked club!!!
* * * LOW HITPOINT WARNING * * *
The two-headed ogre hits you with a +0 giant club!!
You die...

##...........#..#.#.#.#####
#.#.#.#.#.<.##..........#
#...........##.#.#.#.#####
#.#.#.#.#............##...
#..........#######..###.##
#.#.#.#.#.## ##..##.#.
#.....[...# ##..#.#.
#######...# ####.#. #.#@#
##.#. * #{#O# ########..#.
, *#.#o#####<.......### *
#.#...o.########## ,
~*#.#####.# ,, *#.....#o# ,
~*#.....#(# * #.....#(#
.......#(########


You could see a two-headed ogre (very poisoned) and an orc.

Vanquished Creatures
  2 two-headed ogres (D:11)
  A manticore (D:11)
  Joseph (D:8)
  Maurice (D:8)
  2 trolls
  3 wraiths
  3 wyverns
  23 yaks
  A steam dragon (D:9)
  A water moccasin (D:8)
  6 orc warriors
  2 ice beasts
  2 black bears
  A wolf (D:9)
  5 centaurs
  2 ogres (D:6)
  A phantom (D:6)
  4 kobold brigands
  4 necrophages
  A bullfrog (D:8)
  A scorpion (D:7)
  5 wights (D:7)
  2 electric eels (D:9)
  A howler monkey (D:6)
  A crimson imp (D:4)
  8 orc priests
  8 hounds
  2 jellies
  An iguana (D:4)
  Ijyb (D:3)
  15 orc wizards
  7 gnolls
  8 adders
  2 shadow imps
  2 white imps
  3 worms
  7 dart slugs
  44 orcs
  6 ball pythons
  9 endoplasms
  4 giant cockroaches
  15 goblins
  7 hobgoblins
  5 jackals
  3 quokkas
  3 bats
  4 frilled lizards
  26 kobolds
  3 rats
269 creatures vanquished.

Vanquished Creatures (others)
  A yak (D:9)
  33 fulminant prisms (D:11)
34 creatures vanquished.

Grand Total: 303 creatures vanquished

Notes
Turn   | Place    | Note
-------+----------+-------------------------------------------
     0 | D:1      | glaedl the Octopode Conjurer began the quest for the Orb.
     0 | D:1      | Reached XP level 1. HP: 11/11 MP: 3/3
   238 | D:1      | Reached XP level 2. HP: 17/17 MP: 1/5
   953 | D:1      | Found Koattiula's Assorted Antiques.
   963 | D:1      | Reached XP level 3. HP: 21/21 MP: 2/6
  1611 | D:2      | Reached XP level 4. HP: 27/27 MP: 4/7
  2707 | D:3      | Noticed Ijyb
  2723 | D:3      | Killed Ijyb
  2724 | D:3      | Reached XP level 5. HP: 11/31 MP: 1/8
  3105 | D:3      | Found Gueno's General Store.
  3113 | D:3      | Bought a scroll of identify for 28 gold pieces
  3113 | D:3      | Bought a potion of curing for 42 gold pieces
  3113 | D:3      | Bought a potion of degeneration for 14 gold pieces
  3113 | D:3      | Bought a potion of lignification for 42 gold pieces
  3126 | D:3      | Found an opulent altar of Gozag.
  3751 | D:3      | Gained mutation: Your spells are a little easier to cast,
                  | but a little less powerful. [potion of mutation]
  3751 | D:3      | Gained mutation: Your mind is acute. (Int +4, Str/Dex -1)
                  | [potion of mutation]
  3752 | D:3      | Lost mutation: Your mind is acute. (Int +4, Str/Dex -1)
                  | [potion of mutation]
  3752 | D:3      | Lost mutation: Your spells are a little easier to cast, but
                  | a little less powerful. [potion of mutation]
  3752 | D:3      | Gained mutation: You are robust. (+10% HP) [potion of
                  | mutation]
  3752 | D:3      | Gained mutation: Your natural rate of healing is unusually
                  | fast. [potion of mutation]
  3782 | D:3      | Learned a level 2 spell: Searing Ray
  3804 | D:4      | Found a transporter.
  3817 | D:4      | Reached skill level 5 in Conjurations
  4013 | D:4      | Reached XP level 6. HP: 19/40 MP: 1/10
  4118 | D:4      | Found a transporter.
  4183 | D:4      | Noticed Juicyj's ghost (amateur MiMo)
  4207 | D:4      | Reached skill level 1 in Fighting
  4279 | D:4      | Identified the +3 ring mail of the Morning Star {rElec
                  | SInv}
  4292 | D:4      | HP: 2/41 [gnoll/+0 halberd (15)]
  4912 | D:5      | Entered Level 5 of the Dungeon
  4924 | D:4      | Reached XP level 7. HP: 47/47 MP: 3/11
  5062 | D:5      | Found a staircase to the Ecumenical Temple.
  5075 | Temple   | Entered the Ecumenical Temple
  5174 | Temple   | Became a worshipper of Ashenzari the Shackled
  5201 | D:5      | Reached skill level 5 in Stealth
  5885 | D:5      | Reached skill level 5 in Dodging
  5900 | D:5      | Reached XP level 8. HP: 55/55 MP: 7/13
  6013 | D:6      | Noticed a wyvern
  6291 | D:6      | Killed a wyvern
  6833 | D:7      | Reached XP level 9. HP: 58/62 MP: 3/15
  7270 | D:7      | Reached * piety under Ashenzari
  7494 | D:7      | Found a shadowy altar of Dithmenos.
  8307 | D:8      | Noticed Maurice
  8319 | D:8      | Paralysed by Maurice for 3 turns
  8327 | D:8      | Paralysed by something for 4 turns
  8332 | D:8      | Reached skill level 5 in Spellcasting
  8336 | D:8      | Paralysed by something for 3 turns
  8343 | D:8      | Killed Maurice
  8344 | D:8      | Reached XP level 10. HP: 52/72 MP: 14/19
  8803 | D:8      | Found Enulec's Weapon Boutique.
  9023 | D:8      | Noticed Joseph
  9041 | D:8      | Killed Joseph
  9042 | D:8      | Reached skill level 1 in Hexes
  9429 | D:9      | HP: 1/74 [steam dragon/ball of steam (42)]
  9547 | D:9      | Reached skill level 5 in Fighting
 10012 | D:9      | Identified the +7 long sword of the Brewing Spider
                  | {protect, *Corrode rN+ Will+ Str+3 Dex+3}
 10043 | D:9      | Found a snail-covered altar of Cheibriados.
 10316 | D:9      | Found a staircase to the Lair.
 10434 | D:9      | Reached XP level 11. HP: 80/80 MP: 10/21
 10516 | D:9      | Noticed a boulder beetle
 10516 | D:9      | Identified the +1 pair of gloves "Paecs" {rPois rC+ rCorr}
 10517 | D:9      | Found a runed translucent door.
 10550 | D:10     | Entered Level 10 of the Dungeon
 11024 | D:10     | Reached skill level 10 in Conjurations
 11650 | D:11     | Identified the Handbook of Attacks and Venin
 11666 | D:11     | Learned a level 4 spell: Fulminant Prism
 11875 | D:11     | Noticed a manticore
 12364 | D:11     | Killed a manticore
 12414 | D:11     | Reached ** piety under Ashenzari
 12505 | D:11     | Noticed a two-headed ogre
 12847 | D:11     | Noticed a two-headed ogre
 12941 | D:11     | Killed a two-headed ogre
 12942 | D:11     | Reached skill level 1 in Fire Magic
 13095 | D:11     | Killed a two-headed ogre
 13263 | D:11     | Reached skill level 10 in Stealth
 13360 | D:11     | Found a staircase to the Orcish Mines.
 13506 | D:11     | Noticed a two-headed ogre
 13533 | D:11     | Slain by a two-headed ogre

Illustrated notes

Levels and vault maps discovered:
D:1:      spicycebolla_arrival_xxxplode, layout_loops_ring, serial_shops, shop
D:2:      layout_loops_corners
D:3:      kennysheep_goblin_castle, layout_loops_corners,
          nicolae_gozag_seed_capital, serial_shops, shop
D:4:      layout_rooms, gammafunk_ghost_mausoleum, minmay_fire_ice_demons
D:5:      layout_gridville, minmay_temple_entry_wispy,
          minmay_misc_feat_diagonals
D:6:      layout_rooms
D:7:      layout_loops_ring, mainiacjoe_overflow_alcove_1,
          minmay_misc_feat_encased
D:8:      layout_loops_cross, serial_shops, nicolae_shop_bloodbath_and_beyond,
          uniq_maurice, uniq_joseph
D:9:      minmay_gate_of_8, layout_rooms, lemuel_tele_altar, erik_lair_island,
          chequers_jeans
D:10:     layout_rooms
D:11:     layout_rooms, david_orc_4, serial_co_window_serial, co_window_paths_a,
          co_window_corner_a, co_window_corner_a, co_window_corner_a,
          co_window_corner_a, co_window_corner_a, co_window_corner_ca,
          co_window_unsneaky_path_b, co_window_broadway_c, co_window_broadway_a,
          co_window_4corner_b, glass_columns_c, glass_columns_b,
          glass_columns_c, glass_columns_b, glass_columns_c, minmay_orc_keep
D:12:     layout_big_octagon, uniq_nergalle, uniq_azrael, uniq_jorgrun
Temple:   nicolae_temple_bog_church

Skill      XL: |  1  2  3  4  5  6  7  8  9 10 11 |
---------------+----------------------------------+-----
Stealth        | 3 4 5 6 8 9 10 | 10.0
Dodging        | 3 4 5 6 7 9 |  9.9
Conjurations   | 5 6 7 8 9 10 | 10.6
Fighting       | 1 2 3 4 5 6 |  6.3
Spellcasting   | 3 4 5 6 |  6.4
Hexes          | 2 3 |  3.2
Fire Magic     | 1 |  1.7

Action                   |  1- 3 |  4- 6 |  7- 9 | 10-12 || total
-------------------------+-------+-------+-------+-------++-------
Melee: Unarmed           |     2 |       |       |       ||     2
       Constrict         |     5 |    11 |    16 |     6 ||    38
       Short sword       |    17 |    44 |       |       ||    61
       Tentacles         |       |    11 |    27 |    24 ||    62
       Punch             |       |     2 |     1 |       ||     3
       Whip              |       |     2 |    92 |    74 ||   168
Throw: Throwing net      |       |     1 |       |       ||     1
       Dart              |       |       |       |    22 ||    22
 Cast: Magic Dart        |    62 |   122 |   125 |   133 ||   442
       Searing Ray       |       |     6 |    30 |    48 ||    84
       Fulminant Prism   |       |       |       |    33 ||    33
Invok: Curse Item        |       |       |     2 |     2 ||     4
Evoke: Wand              |       |       |       |    12 ||    12
  Use: Scroll            |       |    12 |     3 |     6 ||    21
       Potion            |       |    11 |     3 |     5 ||    19
 Stab: Sleeping          |     1 |     1 |       |       ||     2
Armor: Skin              |     2 |     4 |    34 |     5 ||    45
Dodge: Dodged            |    11 |    39 |   104 |   255 ||   409

Table legend: (Time is in decaauts)
 A = Elapsed time spent in this place.
 B = Non-inter-level travel time spent in this place.
 C = Inter-level travel time spent in this place.
 D = Time resting spent in this place.
 E = Time spent auto-exploring this place.
 F = Levels seen in this place.
 G = Mean time per level.
                   A        B        C        D        E       F      G
               +--------+--------+--------+--------+--------+-----+--------+
         Total |  13547 |  13114 |    433 |   1395 |   9736 |  13 | 1042.1 |
       Dungeon |  13337 |  12938 |    399 |   1320 |   9668 |  12 | 1111.4 |
        Temple |    209 |    175 |     34 |     75 |     68 |   1 |  209.0 |
               +--------+--------+--------+--------+--------+-----+--------+

Top non-repeatable levels by time:
    D:11: 1976 daAuts
     D:7: 1413 daAuts
     D:3: 1410 daAuts
     D:2: 1237 daAuts
     D:8: 1225 daAuts
     D:4: 1197 daAuts
     D:9: 1172 daAuts
     D:1: 1150 daAuts
     D:6: 923 daAuts
    D:10: 758 daAuts
     D:5: 730 daAuts
  Temple: 209 daAuts
    D:12: 142 daAuts
